 Dungeon Crawl Stone Soup version 0.16.1-11-g651b585 (webtiles) character file.

284 karlm the Covert (level 6, -5/37 HPs)
             Began as a Kobold Assassin on Apr 6, 2015.
             Slain by an ogre
             ... wielding a +0 giant spiked club
              (25 damage)
             ... on level 3 of the Dungeon.
             The game lasted 00:11:43 (3382 turns).

karlm the Covert (Kobold Assassin)                  Turns: 3382, Time: 00:11:44

Health: -5/37      AC:  6    Str: 11    XL:     6   Next: 54%
Magic:  6/6        EV: 16    Int:  9    God:
Gold:   254        SH:  0    Dex: 18    Spells: 0 memorised, 5 levels left

rFire  . . .     SeeInvis .     b - +0 blowgun
rCold  . . .     Clarity  .     c - +0 robe
rNeg   . . .     SustAb   .     (no shield)
rPois  .         Gourm    .     k - +0 helmet
rElec  .         Spirit   .     d - +0 cloak
rCorr  .         Warding  .     s - +0 pair of gloves
rMut   .         Stasis   .     j - +0 pair of boots
MR     .....                    (no amulet)
Stlth  ++++......               (no ring)
                                t - ring of flight

@: not resistant to hostile enchantments, stealthy
A: carnivore 3
a: Evoke Flight


You were on level 3 of the Dungeon.
You were completely stuffed.

You visited 1 branch of the dungeon, and saw 4 of its levels.

You collected 254 gold pieces.

Inventory:

Hand weapons
 b - a +0 blowgun (weapon)
 u - a +0 rapier
 K - a +1 dagger of electrocution
Missiles
 a - 7 arrows of dispersal
 e - 18 poisoned needles (quivered)
 f - 4 curare-tipped needles
 l - 48 stones
 p - 19 sling bullets
 q - 27 arrows
 v - 14 bolts
Armour
 c - a +0 robe (worn)
 d - a +0 cloak (worn)
 j - a +0 pair of boots (worn)
 k - a +0 helmet (worn)
 s - a +0 pair of gloves (worn)
 F - a +2 ring mail of cold resistance
Jewellery
 t - a ring of flight (left hand)
Magical devices
 E - a wand of flame (11)
 H - a wand of cold (4)
Scrolls
 i - 2 scrolls of remove curse {unknown}
 m - 4 scrolls of blinking {unknown}
 r - 3 scrolls of identify {unknown}
 w - a scroll of immolation {unknown}
 y - a scroll of enchant armour {unknown}
 B - a scroll of fog {unknown}
 C - a scroll of teleportation {unknown}
 G - a scroll of noise {unknown}
Potions
 h - a potion of flight {unknown}
 n - 2 potions of restore abilities {unknown}
 o - a potion of magic {unknown}
 z - 2 potions of curing
 A - a potion of resistance {unknown}
 D - a potion of brilliance {unknown}
Comestibles
 g - 2 meat rations
 x - a chunk of flesh
 I - a slice of pizza
 J - a royal jelly
 L - a beef jerky


   Skills:
 + Level 3.2 Fighting
 + Level 5.0 Short Blades
 - Level 2.6 Throwing
 + Level 2.7 Dodging
 + Level 8.0 Stealth


You had 5 spell levels left.
You didn't know any spells.

Dungeon Overview and Level Annotations

Branches:
Dungeon (4/15)
 Temple: D:4-7

Altars:
Nemelex Xobeh
Trog
The Shining One


Innate Abilities, Weirdness & Mutations

You are small and have problems with some larger weapons.
You are carnivorous and can eat meat at any time.


Message History

Wield which item (- for none, * to show all)? (? for menu, Esc to quit)
Your +1 dagger of electrocution stops crackling.
b - a +0 blowgun (weapon)
Firing (i - inventory. (,) - cycle):
e - 20 poisoned needles (quivered)
Press: ? - help, Shift-Dir - straight line, f - ogre
Aim: an ogre, wielding a giant spiked club (severely wounded)
You shoot a poisoned needle. The poisoned needle hits the ogre.
The ogre is poisoned.
The ogre is severely wounded.
The ogre closely misses you.
The ogre looks more healthy.
Firing (i - inventory. (,) - cycle):
e - 19 poisoned needles (quivered)
Press: ? - help, Shift-Dir - straight line, f/p - ogre
Aim: an ogre, wielding a giant spiked club (almost dead)
You shoot a poisoned needle. The poisoned needle hits the ogre!
The ogre is poisoned.
The ogre is almost dead.
The ogre hits you with a giant spiked club!!
Ouch! That really hurt!
You die...

#......#######.#.......
###.....(#######.#.......
#.#....>[................
#.######.################
#....# #.##..............
#....# #.##...#..#..#..#.
#....# #.##..............
#....# #O##...#..#..#..#.
#....###@##..............
#........##.#############
#...................#..#.
#.######.####.......#....
#.#......#######.........
#......................#.
#...####.#######.##.#..#.
#...###..<...............
#...##..............#..##


You could see an ogre.

Vanquished Creatures
  2 orc wizards
  A worker ant (D:3)
  Jessica (D:2)
  A hound skeleton (D:4)
  Robin (D:3)
  5 adders
  3 gnolls (D:3)
  A worm (D:3)
  An ooze (D:2)
  2 orcs (D:3)
  2 ball pythons (D:1)
  9 bats
  7 giant cockroaches
  20 goblins
  6 hobgoblins
  3 jackals
  6 kobolds
  A quokka (D:3)
  2 giant geckos
  5 giant newts
  9 rats
88 creatures vanquished.

Notes
Turn   | Place    | Note
--------------------------------------------------------------
     0 | D:1      | karlm, the Kobold Assassin, began the quest for the Orb.
     0 | D:1      | Reached XP level 1. HP: 12/12 MP: 1/1
   117 | D:1      | Reached XP level 2. HP: 8/17 MP: 2/2
   327 | D:1      | Reached skill level 6 in Stealth
   580 | D:1      | Reached XP level 3. HP: 21/21 MP: 3/3
  1160 | D:2      | Noticed Jessica
  1169 | D:2      | Killed Jessica
  1169 | D:2      | Reached skill level 7 in Stealth
  1169 | D:2      | Reached XP level 4. HP: 26/26 MP: 4/4
  1470 | D:2      | Found a glowing golden altar of the Shining One.
  1470 | D:2      | Found a sparkling altar of Nemelex Xobeh.
  1470 | D:2      | Found a bloodstained altar of Trog.
  1941 | D:3      | Noticed Robin
  1996 | D:3      | Reached XP level 5. HP: 21/30 MP: 5/5
  2152 | D:3      | Killed Robin
  2548 | D:3      | Reached XP level 6. HP: 36/36 MP: 6/6
  3177 | D:3      | Reached skill level 5 in Short Blades
  3301 | D:4      | Reached skill level 8 in Stealth
  3382 | D:3      | Slain by an ogre

Action                   |  1- 3 |  4- 6 || total
-------------------------+-------+-------++-------
Melee: Dagger            |    81 |   133 ||   214
 Fire: Blowgun           |     5 |    14 ||    19
 Stab: Sleeping          |     8 |    14 ||    22
  Eat: Chunk             |     9 |     7 ||    16
